 Dungeon Crawl Stone Soup version 0.31-a0-876-gfe8ebadbca (webtiles) character file.

Game seed: 11472561102352113198

18 kae the Changeling (level 2, 0/33 HPs)
             Began as a Demigod Shapeshifter on Oct 13, 2023.
             Slain by a goblin
             ... wielding a +0 dagger
              (3 damage)
             ... on level 2 of the Dungeon.
             The game lasted 00:00:27 (607 turns).

kae the Changeling (Demigod Shapeshifter)            Turns: 607, Time: 00:00:28

Health: 0/33       AC: 21    Str: 15    XL:     2   Next: 33%
Magic:  4/4        EV:  2    Int: 12    God:
Gold:   15         SH:  0    Dex: 13    Spells: 1/1 levels left

rFire   . .          .
                       - Unarmed
rCold   . . .        (no shield)
rNeg    . . .        a - melded +0 animal skin
rPois   +            (helmet currently unavailable)
rElec   .            (cloak currently unavailable)
rCorr   .            (gloves currently unavailable)
SInv    .            (boots currently unavailable)
Will    .....        (no amulet)
Stlth   +            (no ring)
HPRegen 0.25/turn    (no ring)
MPRegen 0.09/turn

%: no passive effects
@: tree-form
A: stationary, stasis, torment immunity, boosted hp, high MP 1, forlorn, divine
attributes
a: no special abilities


You were on level 2 of the Dungeon.
You were a tree.
You visited 1 branch of the dungeon, and saw 2 of its levels.

You collected 15 gold pieces.


Innate Abilities, Weirdness & Mutations

You are a tree.
Your roots penetrate the ground, keeping you stationary.
You cannot be teleported.
You are immune to unholy pain and torment.
Your maximum health is greatly increased.
Your equipment is partially melded.
You have an increased reservoir of magic. (+10% MP)
You shall have no god before yourself.
Your divine heritage dramatically boosts your attributes as you level up.


   Skills:
 - Level 0.8 Fighting
 - Level 1.7 Dodging
 - Level 2.6 Unarmed Combat
 + Level 3.4 Shapeshifting


You had one spell level left.
You didn't know any spells.
Your spell library was empty.

Inventory:

Missiles
 e - 12 stones
 f - 2 poisoned darts
Armour
 a - a +0 animal skin (melded)
Talismans
 c - a beast talisman
 d - a flux talisman
Potions
 h - 2 potions of might
 i - a potion of enlightenment {unknown}

Dungeon Overview and Level Annotations

Branches:
Dungeon (2/15) Zot: 11394

..#. ... ##
.....#
.......
###.#.#...
.........
#Kg..#
#####♣######
#..........#
#..........#
#..........#
#..........#
#........<.#
#..##########
#.# #.


You could see a goblin and a kobold.


Message History

There is an open door here.
i - a golden potion You open the door.
There is an open door here.
Key pressed, stopping explore.
No target in view!
No target in view!
There is an open door here.
Key pressed, stopping explore.
No target in view!
No target in view!
You open the door.
There is an open door here.
There is a stone staircase leading down here.
Done exploring.
No target in view!
No target in view!
Done exploring.
Done exploring.
No target in view!
No target in view!
Done exploring.
No target in view!
No target in view!
Done exploring.
Done exploring.
Done exploring.
There is a stone staircase leading down here.
You climb downwards.
There is a stone staircase leading up here.
As you read the scroll labelled ZAFAKA AMEGOELE, it crumbles to dust.
It is a scroll of identify.
h - 2 potions of might A bat comes into view.
A bat is nearby!
An adder, a hobgoblin and a goblin come into view.
The adder hisses angrily.
The hobgoblin shouts!
The bat barely misses you.
The hobgoblin moves out of view.
You see here a pink potion.
You miss the bat. The bat barely misses you. The bat misses you.
There are monsters nearby!
You hit the bat.
You kill the bat!
You hit the adder. The adder bites you.
You are poisoned.
The adder poisons you! 😕 HP[-1]
You take 1 damage, and now have 14/15 hp.
You hit the adder.
You feel sick. The adder bites you.
You are more poisoned.
The adder poisons you!
You miss the adder.
You feel sick. The adder barely misses you. 😮 HP[-5]
You take 5 damage, and now have 9/15 hp.
MASSIVE DAMAGE!! (PAUSE)
You hit the adder.
You feel sick. The adder bites you but does no damage.
The adder misses you. 😮 HP[-1]
You take 1 damage, and now have 8/15 hp.
Unknown command.
You hit the adder.
You feel sick.
A kobold comes into view. It is wielding a +0 dagger.
The hobgoblin hits you.
* * * LOW HITPOINT WARNING * * *
The adder barely misses you. 😱 HP[-5]
You take 5 damage, and now have 3/15 hp.
MASSIVE DAMAGE!! (PAUSE) Unknown command.
The kobold shouts!
You hit the adder.
You kill the adder!
* * * LOW HITPOINT WARNING * * *
You feel sick. The hobgoblin closely misses you.
You have reached level 2! 😱 HP[+1] MP[+1]
You now have 22 max hp (+7).
Your mp is fully restored (4).
Your transformation has ended.
You turn into a tree.
Your +0 animal skin melds into your body.
Your roots penetrate the ground.
You feel sick.
The hobgoblin hits you but does no damage.
The goblin hits you but does no damage. 😱 HP[+1]
You now have 33 max hp (+11).
You hit the hobgoblin.
You feel sick. The hobgoblin barely misses you.
The goblin hits you but does no damage.
You smack the hobgoblin!
You kill the hobgoblin!
You feel sick.
The goblin hits you but does no damage. 😱 HP[-1]
You take 1 damage, and now have 4/33 hp.
You closely miss the goblin.
You feel sick.
You are no longer poisoned.
The goblin hits you but does no damage. 😱 HP[-1]
You take 1 damage, and now have 3/33 hp.
You closely miss the goblin. The goblin hits you but does no damage.
You hit the goblin but do no damage. The goblin hits you with a +0 dagger.
You die...

Skill      XL: |  1 |
---------------+----+-----
Shapeshifting  | 3 |  3.4
Fighting       | |  0.8
Dodging        | |  1.7
Unarmed Combat | |  2.6

Action                     || total
---------------------------++-------
  Melee: Unarmed           ||    31
    Use: Scroll            ||     1
         Potion            ||     1
 Armour: Animal skin       ||    12
         Skin              ||     7
  Dodge: Dodged            ||    14

Levels and vault maps discovered:
D:1:      psy_arrival_radial02, layout_basic, grunt_decor_resistance
D:2:      layout_rooms, minmay_pentomino_u2

Notes
Turn   | Place    | Note
-------+----------+-------------------------------------------
     0 | D:1      | kae the Demigod Shapeshifter began the quest for the Orb.
     0 | D:1      | Reached XP level 1. HP: 15/15 MP: 3/3
     0 | D:1      | magus.rc [v1.11.3]
   375 | D:1      | Reached skill level 3 in Shapeshifting
   600 | D:2      | HP: 3/15 [hobgoblin (4)]
   602 | D:2      | Reached XP level 2. HP: 4/22 MP: 4/4
   605 | D:2      | HP: 3/33 [poisoned by an adder]
   607 | D:2      | Slain by a goblin

Vanquished Creatures
  An adder (D:2)
  A goblin (D:1)
  2 hobgoblins
  2 ball pythons (D:1)
  A bat (D:2)
  3 rats (D:1)
10 creatures vanquished.

Table legend:
 A = Non-vault XP
 B = Vault XP
 C = Vault XP percentage of total XP
 D = Non-vault monster count
 E = Vault monster count
 F = Vault count percentage of total count
                 A         B        C        D         E       F
            +---------+---------+-------+---------+---------+-------
      Total |      26 |       0 |   0.0 |      10 |       0 |   0.0
            +---------+---------+-------+---------+---------+-------
        D:1 |       9 |       0 |   0.0 |       7 |       0 |   0.0
        D:2 |      17 |       0 |   0.0 |       3 |       0 |   0.0
            +---------+---------+-------+---------+---------+-------

Skill      XL: |  1 |
---------------+----+-----
Shapeshifting  | 3 |  3.4
Fighting       | |  0.8
Dodging        | |  1.7
Unarmed Combat | |  2.6

Action                     || total
---------------------------++-------
  Melee: Unarmed           ||    31
    Use: Scroll            ||     1
         Potion            ||     1
 Armour: Animal skin       ||    12
         Skin              ||     7
  Dodge: Dodged            ||    14

Illustrated notes

Table legend:
 A = Kills in this place as a percentage of kills in the entire game.
 B = Kills by you in this place as a percentage of kills by you in the entire game.
 C = Kills by friends in this place as a percentage of kills by friends in the entire game.
 D = Other kills in this place as a percentage of other kills in the entire game.
 E = Experience gained in this place as a percentage of experience gained in the entire game.
 F = Experience gained in this place divided by the number of levels of this place that you have seen.
                   A       B       C       D       E      F
               +-------+-------+-------+-------+-------+----------------------
         Total | 100.0 | 100.0 |   N/A |   N/A | 100.0 |  13.0
       Dungeon | 100.0 | 100.0 |   N/A |   N/A | 100.0 |  13.0
               +-------+-------+-------+-------+-------+----------------------

Table legend: (Time is in decaauts)
 A = Elapsed time spent in this place.
 B = Non-inter-level travel time spent in this place.
 C = Inter-level travel time spent in this place.
 D = Time resting spent in this place.
 E = Time spent auto-exploring this place.
 F = Levels seen in this place.
 G = Mean time per level.
                   A        B        C        D        E       F      G
               +--------+--------+--------+--------+--------+-----+--------+
         Total |    604 |    571 |     33 |     17 |    495 |   2 |  302.0 |
       Dungeon |    604 |    571 |     33 |     17 |    495 |   2 |  302.0 |
               +--------+--------+--------+--------+--------+-----+--------+

Top non-repeatable levels by time:
     D:1: 585 daAuts
     D:2: 19 daAuts
